 Dungeon Crawl Stone Soup version 0.28-a0-479-g5baa6b73be (webtiles) character file.

Game seed: 3543406099287780616

251631 speeev33 the Slayer (level 19, 0/187 (189) HPs)
             Began as a Minotaur Hunter on Sept 18, 2021.
             Was the Champion of Okawaru.
             Killed from afar by a deep elf sorcerer (28 damage)
             ... with damnation
             ... on level 3 of the Elven Halls on Sept 19, 2021.
             The game lasted 01:38:18 (48763 turns).

speeev33 the Slayer (Minotaur Hunter)              Turns: 48763, Time: 01:38:19

HP:   0/187 (189)   AC: 39    Str: 25    XL:     19   Next: 33%
MP:   32/32         EV: 11    Int: 14    God:    Okawaru [******]
Gold: 3344          SH: 32    Dex: 12    Spells: 22/22 levels left

rFire   + + .      SeeInvis +   a - +9 hunting sling (flame)
rCold   + . .      Faith    .   S - +4 tower shield {rF+}
rNeg    . . .      Spirit   .   r - +9 plate armour {ponderous}
rPois   +          Reflect  +   n - +2 hat {Stlth+}
rElec   .          Harm     .   P - scarf {rC+ rF+}
rCorr   .          Rampage  +   T - +2 pair of gloves of the Apple {Will+ Str-4 Int+6}
Will    +++..                   y - +2 pair of boots of Creativity {Rampage rPois Str-2 SInv}
Stlth   +.........              Q - amulet of reflection
HPRegen 0.41/turn               O - ring of Bodeicyk {MP+9 Str+7 SInv Stlth+}
MPRegen 0.23/turn               Y - ring of willpower

@: heroic, studying Transmutations, lightly drained, slow
A: horns 2, retaliatory headbutt
}: 1/15 runes: gossamer
a: Renounce Religion, Heroism, Finesse, Duel


You were on level 3 of the Elven Halls.
You worshipped Okawaru.
Okawaru was exalted by your worship.
You visited 7 branches of the dungeon, and saw 35 of its levels.
You also visited: Sewer, Bailey, Gauntlet, Ice Cave and Volcano.

You collected 4624 gold pieces.
You spent 1280 gold pieces at shops.

Inventory:

Hand Weapons
 a - a +9 hunting sling of flaming (weapon)
 J - the +7 trident of Disarray {spect, Fly rPois}
   (You found it in an ice cave)

   When its wielder attacks, the weapon's spirit leaps out and strikes again.
   The spirit shares a part of any damage it takes with its wielder.
   rPois:     It protects you from poison.
   Fly:       It grants you flight.
Missiles
 d - 8 sling bullets
 l - 857 stones (quivered ammo)
 u - 4 throwing nets
Armour
 n - a +2 hat of stealth (worn)
 r - a +9 plate armour of ponderousness (worn)
 y - the +2 pair of boots of Creativity (worn) {Rampage rPois Str-2 SInv}
   (You found it in a Gauntlet)

   Str:       It affects your strength (-2).
   rPois:     It protects you from poison.
   SInv:      It lets you see invisible.
   Rampage:   It bestows one free step when moving towards enemies.
 E - the +2 pair of gloves of Conscience {Int+2 Slay+5}
   (Okawaru gifted it to you on level 5 of the Lair of Beasts)

   Int:       It affects your intelligence (+2).
   Slay:      It affects your accuracy & damage with ranged weapons and melee
   (+5).
 P - a scarf of resistance (worn)
 S - a +4 tower shield of fire resistance (worn)
 T - the +2 pair of gloves of the Apple (worn) {Will+ Str-4 Int+6}
   (You found it on level 1 of the Elven Halls)

   Str:       It affects your strength (-4).
   Int:       It affects your intelligence (+6).
   Will:      It increases your willpower.
Jewellery
 b - a ring of protection from fire
 q - the ring "Hydgha Orghoa" {rCorr Int+3 Dex+3}
   (You found it on level 1 of the Spider Nest)

   [ring of resist corrosion]

   Int:       It affects your intelligence (+3).
   Dex:       It affects your dexterity (+3).
   rCorr:     It protects you from acid and corrosion.
 t - a ring of protection from cold
 B - a ring of flight
 I - a ring of positive energy
 O - the ring of Bodeicyk (left hand) {MP+9 Str+7 SInv Stlth+}
   (You found it on level 1 of the Lair of Beasts)

   [ring of see invisible]

   Str:       It affects your strength (+7).
   MP:        It affects your magic capacity (+9).
   SInv:      It lets you see invisible.
   Stlth:     It makes you more stealthy.
 Q - an amulet of reflection (around neck)
 Y - a ring of willpower (right hand)
Wands
 v - a wand of acid (16)
 x - a wand of mindburst (9)
 F - a wand of polymorph (18)
 L - a wand of flame (81)
 N - a wand of digging (21)
 X - a wand of paralysis (9)
 Z - a wand of iceblast (27)
Scrolls
 g - 4 scrolls of silence
 j - 10 scrolls of teleportation
 k - 21 scrolls of identify
 m - 5 scrolls of brand weapon
 o - 6 scrolls of fog
 D - 7 scrolls of fear
 H - 4 scrolls of enchant weapon
 U - a scroll of blinking
 W - a scroll of magic mapping
Potions
 c - 3 potions of attraction
 e - 6 potions of flight
 f - 10 potions of mutation
 h - a potion of berserk rage
 i - 8 potions of brilliance
 p - 12 potions of curing
 s - 12 potions of might
 w - 2 potions of resistance
 z - 7 potions of haste
 A - 3 potions of heal wounds
 C - 4 potions of invisibility
 G - 3 potions of cancellation
 M - 4 potions of magic
 R - 5 potions of lignification
 V - a potion of ambrosia


   Skills:
 - Level 21.3(26.3) Fighting
 + Level 7.7(12.7) Polearms
 - Level 12.0(17.0) Slings
 + Level 18.2(23.2) Armour
 - Level 2.1(7.1) Dodging
 - Level 0.7(5.7) Stealth
 + Level 20.6(25.6) Shields
 - Level 2.4 Spellcasting
 - Level 7.0 Invocations
 - Level 10.0 Evocations


You had 22 spell levels left.
You didn't know any spells.
Your spell library contained the following spells:

 Spells                   Type           Power      Damage    Failure   Level
 Apportation              Tloc           2%         N/A       67%         1
 Foxfire                  Conj/Fire      4%         2x1d4     67%         1
 Freeze                   Ice            4%         1d3       67%         1
 Magic Dart               Conj           4%         1d3       67%         1
 Pain                     Necr           4%         1d4       67%         1
 Sandblast                Erth           2%         2d4       67%         1
 Ensorcelled Hibernation  Hex/Ice        2%         N/A       82%         2
 Passwall                 Tmut/Erth      0%         N/A       82%         2
 Searing Ray              Conj           2%         2d4       82%         2
 Slow                     Hex            1%         N/A       82%         2
 Sublimation of Blood     Necr           0%         N/A       82%         2
 Conjure Flame            Conj/Fire      1%         6-21      96%         3
 Dazzling Flash           Conj/Hex       2%         N/A       96%         3
 Frozen Ramparts          Ice            2%         1d2       96%         3
 Gell's Gravitas          Tloc           0%         N/A       96%         3
 Ignite Poison            Fire/Tmut/Pois 1%         N/A       96%         3
 Inner Flame              Hex/Fire       1%         N/A       96%         3
 Mephitic Cloud           Conj/Pois/Air  1%         N/A       96%         3
 Stone Arrow              Conj/Erth      2%         3d7       96%         3
 Airstrike                Air            0%         N/A       100%        4
 Flame Wave               Conj/Fire      1%         3d3       100%        4
 Fulminant Prism          Conj/Hex       0%         3d6       100%        4
 Iskenderun's Mystic Bla  Conj/Tloc      1%         2d3       100%        4
 Passage of Golubria      Tloc           N/A        N/A       100%        4
 Petrify                  Tmut/Erth      1%         N/A       100%        4
 Agony                    Necr           1%         N/A       100%        5
 Alistair's Intoxication  Tmut/Pois      0%         N/A       100%        5
 Blade Hands              Tmut           0%         N/A       100%        5
 Borgnjor's Vile Clutch   Necr/Erth      0%         N/A       100%        5
 Excruciating Wounds      Necr           0%         N/A       100%        5
 Fireball                 Conj/Fire      0%         3d3       100%        5
 Freezing Cloud           Conj/Ice/Air   0%         6-21      100%        5
 Irradiate                Conj/Tmut      0%         3d13      100%        5
 Lightning Bolt           Conj/Air       0%         1d11      100%        5
 Dispersal                Tloc           0%         N/A       100%        6
 Eringya's Noxious Bog    Tmut/Pois      0%         N/A       100%        6
 Starburst                Conj/Fire      0%         6d3       100%        6
 Dragon Form              Tmut           0%         N/A       100%        7
 Orb of Destruction       Conj           0%         N/A       100%        7
 Ozocubu's Refrigeration  Ice            0%         4d5       100%        7
 Ignition                 Fire           0%         3d3       100%        8
 Death's Door             Necr           0%         N/A       100%        9
 Call Imp                 Summ           Unusable   N/A       N/A         2
 Summon Guardian Golem    Hex/Summ       Unusable   N/A       N/A         3
 Animate Dead             Necr           Unusable   N/A       N/A         4
 Summon Lightning Spire   Summ/Air       Unusable   N/A       N/A         4
 Spellforged Servitor     Conj/Summ      Unusable   N/A       N/A         7
 Infestation              Necr           Unusable   N/A       N/A         8
 Dragon's Call            Summ           Unusable   N/A       N/A         9

Dungeon Overview and Level Annotations

Branches:
Dungeon (15/15)            Temple (1/1) D:6            Lair (6/6) D:9
  Swamp (4/4) Lair:2       Spider (4/4) Lair:2        Slime (0/5) Lair:6
    Orc (2/2) D:10            Elf (3/3) Orc:2        Vaults (0/5) D:14
 Depths (0/5) D:15          Sewer (visited)          Bailey (visited)
  IceCv (visited)         Volcano (visited)         Gauntlet (visited)

Altars:
Cheibriados
Dithmenos
Elyvilon
Fedhas
Gozag
Kikubaaqudgha
Nemelex Xobeh
Okawaru
Trog
Uskayaw
Vehumet
Wu Jian
Xom
Zin
Beogh

Shops:
D:12 *:   D:15 *   Orc:1 ![   Orc:2 ![(:   Elf:1 ?   Elf:2 =

Portals:
Abyss: Lair:5
Trove: D:15 (give 4 potions of resistance)

Annotations:
D:6 2 transporters
D:7 3 runed translucent doors, mg7810's ghost, novice DsMo
Lair:4 1 runed translucent door, Beilucy's ghost, journeyman FoFi
Lair:5 2 transporters, Bihe's ghost, journeyman HuBe
Spider:2 2 transporters, Ypolaimeny's ghost, journeyman HOWz
Orc:2 1 runed translucent door, porpoise's ghost, adept DECj


Innate Abilities, Weirdness & Mutations

You have a pair of horns on your head.
You reflexively headbutt those who attack you in melee.


Message History

The deep elf annihilator points at you and mumbles some strange words.
The bolt of lightning misses you.
The deep elf sorcerer casts a spell at you.
The sphere of damnation explodes!
The damnation engulfs you!!!
You hear a shout! x3
The deep elf annihilator mumbles some strange words.
The deep elf annihilator blinks!
The deep elf annihilator gestures at you while chanting.
The bolt of lightning misses you.
The deep elf sorcerer casts a spell at you.
You resist with almost no effort.
The deep elf sorcerer casts a spell at you.
The bolt of acid hits you!!!
* * * LOW HITPOINT WARNING * * *
The deep elf annihilator gestures at you while chanting.
The iron shot hits you!
* * * LOW HITPOINT WARNING * * *
You feel much better.
The deep elf sorcerer gestures at you while chanting.
The bolt of acid misses you.
You feel much better.
You are no longer corroded.
The deep elf sorcerer points at you and mumbles some strange words.
You resist with almost no effort.
The deep elf annihilator mumbles some strange words.
The deep elf annihilator blinks!
Blink to where?
Press: ? - help, Dir - move target, p - deep elf sorcerer
As you read the scroll of blinking, it crumbles to dust.
The deep elf sorcerer casts a spell at you.
The bolt of acid hits you!
* * * LOW HITPOINT WARNING * * *
The deep elf sorcerer wildly gestures.
You feel troubled.
The deep elf sorcerer casts a spell at you.
The bolt of acid hits you!
* * * LOW HITPOINT WARNING * * *
The deep elf sorcerer gestures at you while chanting.
The sphere of damnation explodes!
The damnation engulfs you!!
You die...

.# #...#####.#.## #
.#
###...#####.#.##.#
.#
#................#
.#
#.#.....###.#.####
.####.#..###..#)#.#
........##
##e#.#.#####.
#########
#......#....
#...#....#
#..#.@#.#...
#..####)#.#### ###
#.#.# ##.#.# #
###..#.# #.
#..##.#.##
#...###.###.##
#...##)#...#.##
#...#.##.<.##.#


You could see a deep elf sorcerer (fast).

Vanquished Creatures
  Arachne (Arena)
  Rupert (D:12)
  A tentacled monstrosity (Swamp:2)
  A deep elf blademaster (Elf:2)
  A thorn hunter (Swamp:4)
  Aizul (Swamp:2)
  An emperor scorpion (Spider:4)
  2 frost giants (IceCv)
  5 ghost moths
  A stone giant (D:15)
  A white draconian (IceCv)
  4 spark wasps
  A minotaur (Gauntlet)
  9 entropy weavers
  5 bunyips
  3 fire dragons (Swamp:4)
  5 eleionomae
  Josephine (Orc:2)
  Fannar (D:10)
  Harold (D:10)
  2 boulder beetles
  19 hydras
  3 ghost crabs
  5 ogre magi
  6 alligators
  5 ironbound frosthearts (IceCv)
  2 death knights (D:12)
  Erica (D:7)
  2 catoblepae
  A deep troll shaman (Lair:6)
  4 centaur warriors
  24 dancing weapons
  18 two-headed ogres
  4 death yaks (Lair:6)
  A death scarab (Gauntlet)
  A thrashing horror (Gauntlet)
  2 tengu warriors
  16 deep elf knights
  Nergalle (D:10)
  A hell knight (Volcano)
  A spectral catoblepas (Gauntlet)
  4 spriggan druids
  A sea snake (shapeshifter) (D:13)
  A goliath frog (Swamp:3)
  An orange crystal statue (IceCv)
  8 deep elf archers
  5 swamp dragons
  3 bog bodies
  A wizard (D:14)
  Pikel (D:7)
  22 deep elf pyromancers
  2 lindwurms
  20 deep elf zephyrmancers
  3 cyclopes
  23 wolf spiders
  2 orc knights
  27 ugly things
  5 will-o-the-wisps
  20 orb spiders
  4 moths of wrath
  3 orc sorcerers
  6 manticores
  20 elephants
  4 black mambas
  12 cane toads
  An ice statue (Spider:4)
  3 gargoyles
  6 torpor snails
  An unseen horror (D:11)
  13 demonic crawlers
  21 rime drakes
  Psyche (D:12)
  2 kobold demonologists
  A yaktaur (Volcano)
  A tengu conjurer (D:15)
  5 freezing wraiths
  10 komodo dragons
  A hydra zombie (Swamp:4)
  A troll (shapeshifter) (Elf:2)
  5 trolls
  9 tyrant leeches
  13 hornets
  2 bloated husks
  19 polar bears
  19 jumping spiders
  Prince Ribbit (Lair:2)
  Grinder (D:3)
  4 slime creatures
  2 meliai (D:13)
  A blink frog (shapeshifter) (D:13)
  20 blink frogs
  A dream sheep (shapeshifter) (D:13)
  7 dream sheep (Lair:5)
  51 redbacks
  3 shadows
  A vampire (D:10)
  11 spriggans
  11 wraiths
  2 water elementals (Elf:2)
  7 fire bats
  30 tarantellas
  4 air elementals
  50 yaks
  8 basilisks
  2 fire elementals (Elf:2)
  3 wyverns
  4 small abominations (Gauntlet)
  2 steam dragons
  7 vampire mosquitoes
  A basilisk (shapeshifter) (D:13)
  8 wargs
  11 swamp worms
  17 water moccasins
  3 acid dragons
  2 black bears
  2 ice beasts
  A sky beast (D:7)
  20 orc warriors
  7 swamp drakes
  27 wolves
  10 centaurs
  2 necrophages
  32 ogres
  7 kobold brigands
  2 scorpions
  11 bullfrogs
  3 gnoll sergeants
  2 earth elementals (Elf:1)
  4 wights (D:8)
  3 howler monkeys
  9 electric eels
  8 jellies
  2 centaur zombies
  A bullfrog zombie (D:5)
  2 centaur skeletons
  2 hounds
  Crazy Yiuf (D:7)
  16 orc priests
  3 gnoll shamans
  2 bullfrog skeletons (D:6)
  3 iguanas
  32 orc wizards
  Natasha (twice) (D:4)
  A killer bee zombie (D:8)
  2 howler monkey zombies
  35 gnolls
  8 adders
  7 river rats (Sewer)
  A shadow imp (D:8)
  An adder skeleton (D:4)
  6 worms
  7 dart slugs
  48 orcs
  7 endoplasms
  A giant cockroach (D:1)
  17 goblins
  5 hobgoblins
  5 quokkas
  10 ball pythons
  9 bats
  6 frilled lizards
  48 kobolds
  22 rats
1234 creatures vanquished.

Vanquished Creatures (others)
  An eleionoma (Swamp:4)
  A hydra (Swamp:4)
  2 lindwurms (Swamp:4)
  2 deep elf pyromancers
  A will-o-the-wisp (Swamp:4)
  A wolf spider (Spider:4)
  2 rime drakes (IceCv)
  A spriggan (Swamp:4)
  2 steam dragons (Swamp:4)
  4 swamp drakes (Swamp:4)
  A wolf (Lair:6)
  14 foxfires
  49 fungi
  70 plants
151 creatures vanquished.

Grand Total: 1385 creatures vanquished

Notes
Turn   | Place    | Note
-------+----------+-------------------------------------------
     0 | D:1      | speeev33 the Minotaur Hunter began the quest for the Orb.
     0 | D:1      | Reached XP level 1. HP: 18/18 MP: 0/0
   231 | D:1      | Reached XP level 2. HP: 25/25 MP: 1/1
   341 | D:1      | Reached skill level 3 in Fighting
   359 | D:1      | Found a faded altar of an unknown god.
   414 | D:1      | Reached skill level 1 in Armour
   726 | D:1      | Reached XP level 3. HP: 27/31 MP: 2/2
  1401 | D:2      | Reached skill level 5 in Slings
  1401 | D:2      | Identified a scroll of acquirement
  1401 | D:2      | Acquired a +5 vorpal hunting sling
  1430 | D:2      | Reached XP level 4. HP: 40/40 MP: 3/3
  1453 | D:2      | Reached skill level 4 in Fighting
  1998 | D:3      | Reached XP level 5. HP: 46/46 MP: 4/4
  2261 | D:3      | Noticed an ice beast
  2265 | D:3      | Killed an ice beast
  2266 | D:3      | Reached XP level 6. HP: 55/55 MP: 5/5
  2457 | D:3      | Reached skill level 5 in Fighting
  2537 | D:3      | Found a sparkling altar of Nemelex Xobeh.
  2616 | D:3      | Noticed Grinder
  2628 | D:3      | Killed Grinder
  3189 | D:4      | Reached XP level 7. HP: 62/62 MP: 6/6
  3189 | D:4      | Found a shimmering altar of Xom.
  3341 | D:4      | Reached skill level 6 in Fighting
  3341 | D:4      | Reached skill level 5 in Armour
  3623 | D:4      | Noticed Natasha
  3627 | D:4      | Killed Natasha
  3722 | D:4      | Noticed Natasha
  3729 | D:4      | Killed Natasha
  4200 | D:5      | Entered Level 5 of the Dungeon
  4268 | D:5      | Reached skill level 1 in Shields
  4327 | D:5      | Reached XP level 8. HP: 71/71 MP: 7/7
  4330 | D:5      | Reached skill level 7 in Fighting
  4856 | D:5      | Found a glowing drain.
  4872 | Sewer    | Entered a sewer
  5892 | D:6      | Reached skill level 8 in Fighting
  5911 | D:6      | Reached XP level 9. HP: 63/81 MP: 8/8
  5974 | D:6      | Found a staircase to the Ecumenical Temple.
  5988 | D:6      | Found a transporter.
  6014 | D:6      | You fall into a shaft and drop 3 floors!
  6164 | D:9      | Reached skill level 9 in Fighting
  6287 | D:9      | Found a staircase to the Lair.
  6289 | D:9      | Noticed an elephant
  6609 | D:9      | Killed an elephant
  6712 | D:7      | Found a runed translucent gate.
  6712 | D:7      | Found a runed translucent gate.
  6712 | D:7      | Found a runed translucent gate.
  6761 | D:6      | Found a transporter.
  6778 | D:6      | Noticed a kobold demonologist
  6787 | D:6      | Noticed a kobold demonologist
  6798 | D:6      | Reached skill level 10 in Fighting
  6798 | D:6      | Reached XP level 10. HP: 93/93 MP: 9/9
  6843 | Temple   | Entered the Ecumenical Temple
  6903 | Temple   | Became a worshipper of Warmaster Okawaru
  7553 | D:7      | Reached skill level 10 in Slings
  7876 | D:7      | Noticed mg7810's ghost (novice DsMo)
  7993 | D:7      | Noticed Pikel
  8000 | D:7      | Killed Pikel
  8001 | D:7      | Reached skill level 1 in Invocations
  8133 | D:7      | Found a runed translucent door.
  8134 | D:7      | Noticed Crazy Yiuf
  8368 | D:7      | Killed Crazy Yiuf
  8421 | D:8      | Noticed Erica
  8430 | D:7      | Killed Erica
  8430 | D:7      | Reached * piety under Okawaru
  8431 | D:7      | Reached skill level 10 in Armour
  8434 | D:7      | Reached skill level 5 in Shields
  8738 | D:8      | Reached ** piety under Okawaru
  9311 | D:8      | Reached skill level 11 in Fighting
  9579 | D:9      | Noticed a five-headed hydra
  9591 | D:9      | Killed a five-headed hydra
  9591 | D:9      | Reached *** piety under Okawaru
  9592 | D:9      | Reached XP level 11. HP: 30/102 MP: 12/12
 10236 | D:9      | Noticed a two-headed ogre
 10257 | D:9      | Killed a two-headed ogre
 10526 | D:10     | Entered Level 10 of the Dungeon
 10526 | D:10     | Noticed Harold
 10526 | D:10     | Noticed Nergalle
 10619 | D:10     | Killed Harold
 10635 | D:10     | Killed Nergalle
 10635 | D:10     | Received a gift from Okawaru
 10675 | D:10     | Found a flagged portal.
 10681 | Bailey   | Entered a bailey
 10865 | Bailey   | Found the +5 robe of Misfortune {Contam Harm *Corrode Drain
                  | *Slow EV+5}
 11053 | Bailey   | Found a burning altar of Makhleb.
 11283 | D:10     | Noticed Fannar
 11808 | D:10     | Killed Fannar
 11997 | D:10     | Reached **** piety under Okawaru
 12150 | D:10     | Found a staircase to the Orcish Mines.
 12560 | Orc:1    | Entered Level 1 of the Orcish Mines
 12923 | Orc:1    | Reached skill level 5 in Invocations
 13014 | Orc:1    | Found Tiellear's Antique Armour Shoppe.
 13025 | Orc:1    | Received a gift from Okawaru
 13046 | Orc:1    | Noticed an orc sorcerer
 13054 | Orc:1    | Killed an orc sorcerer
 13482 | Orc:1    | Reached ***** piety under Okawaru
 13651 | Orc:1    | Bought a runed plate armour for 832 gold pieces
 13698 | Orc:2    | Entered Level 2 of the Orcish Mines
 13714 | Orc:2    | Reached skill level 12 in Fighting
 13716 | Orc:2    | Found a staircase to the Elven Halls.
 13748 | Orc:2    | Received a gift from Okawaru
 13768 | Orc:2    | Found a bloodstained altar of Trog.
 13824 | Orc:2    | Noticed an orc sorcerer
 13830 | Orc:2    | Paralysed by an orc sorcerer for 5 turns
 13873 | Orc:2    | Found a runed translucent door.
 14239 | Orc:1    | Found Wuap's Distillery.
 14310 | Orc:2    | Reached XP level 12. HP: 83/112 MP: 15/15
 14313 | Orc:2    | Noticed a two-headed ogre
 14317 | Orc:2    | Noticed a two-headed ogre
 14324 | Orc:2    | Killed a two-headed ogre
 14324 | Orc:2    | Received a gift from Okawaru
 14325 | Orc:2    | Noticed an ogre mage
 14329 | Orc:2    | Killed a two-headed ogre
 14329 | Orc:2    | Received a gift from Okawaru
 14337 | Orc:2    | Noticed a two-headed ogre
 14339 | Orc:2    | Killed an ogre mage
 14348 | Orc:2    | Killed a two-headed ogre
 14355 | Orc:2    | Noticed a two-headed ogre
 14360 | Orc:2    | Killed a two-headed ogre
 14369 | Orc:2    | Noticed an ogre mage
 14373 | Orc:2    | Noticed an ogre mage
 14377 | Orc:2    | Noticed a two-headed ogre
 14378 | Orc:2    | Noticed a two-headed ogre
 14565 | Orc:2    | Noticed a two-headed ogre
 14570 | Orc:2    | Noticed a two-headed ogre
 14576 | Orc:2    | Killed a two-headed ogre
 14582 | Orc:2    | Killed a two-headed ogre
 14794 | Orc:2    | Noticed a two-headed ogre
 14807 | Orc:2    | Killed a two-headed ogre
 14847 | Orc:2    | Noticed an ogre mage
 14856 | Orc:2    | Killed an ogre mage
 14856 | Orc:2    | Noticed a two-headed ogre
 14970 | Orc:1    | Killed a two-headed ogre
 14971 | Orc:1    | Reached skill level 13 in Fighting
 15137 | Orc:2    | Noticed a two-headed ogre
 15142 | Orc:2    | Killed a two-headed ogre
 15143 | Orc:2    | Reached skill level 10 in Shields
 15143 | Orc:2    | Noticed a two-headed ogre
 15149 | Orc:2    | Killed a two-headed ogre
 15181 | Orc:2    | Killed a two-headed ogre
 15181 | Orc:2    | Received a gift from Okawaru
 15212 | Orc:2    | Killed an ogre mage
 15290 | Orc:2    | Killed an ogre mage
 15290 | Orc:2    | Received a gift from Okawaru
 15291 | Orc:2    | Reached XP level 13. HP: 122/122 MP: 17/17
 15348 | Orc:2    | Found Boareh's Distillery.
 15348 | Orc:2    | Found Wikadd's Antique Armour Shoppe.
 15633 | Orc:2    | Noticed porpoise's ghost (adept DECj)
 15823 | Orc:2    | Found Myaxyoptu's Antique Weapon Shoppe.
 15823 | Orc:2    | Found Limeisec's Book Boutique.
 15899 | Orc:2    | Noticed Josephine
 15914 | Orc:2    | Received a gift from Okawaru
 15919 | Orc:2    | Killed Josephine
 16301 | Lair:1   | Entered Level 1 of the Lair of Beasts
 16616 | Lair:1   | Reached skill level 14 in Fighting
 16947 | Lair:1   | Identified the ring of Bodeicyk {MP+9 Str+7 SInv Stlth+}
 17692 | Lair:2   | Received a gift from Okawaru
 17726 | Lair:2   | Found a staircase to the Swamp.
 17888 | Lair:2   | Found a hole to the Spider Nest.
 18054 | Lair:2   | Found a dark tunnel.
 18066 | Volcano  | Entered a volcano
 18449 | Lair:2   | Noticed Prince Ribbit
 18455 | Lair:2   | Killed Prince Ribbit
 19253 | Lair:3   | Received a gift from Okawaru
 19914 | Lair:4   | Reached skill level 15 in Fighting
 19919 | Lair:4   | Reached ****** piety under Okawaru
 19919 | Lair:4   | Received a gift from Okawaru
 19934 | Lair:4   | Reached XP level 14. HP: 135/135 MP: 18/18
 20194 | Lair:4   | You fall into a shaft and drop 1 floor!
 20219 | Lair:5   | Reached skill level 15 in Armour
 20478 | Lair:5   | Found a transporter.
 20485 | Lair:5   | Found a transporter.
 20633 | Lair:5   | Got Xefog's Reference Book on the Spatial Arsonist
 20877 | Lair:4   | Found a runed translucent door.
 20967 | Lair:4   | Received a gift from Okawaru
 21107 | Lair:4   | Identified the +5 spear of Spores {drain, Drain Will++ SInv
                  | Stlth+}
 21108 | Lair:4   | Noticed Beilucy's ghost (journeyman FoFi)
 22442 | Lair:5   | Identified the +2 pair of gloves of Conscience {Int+2
                  | Slay+5} (Okawaru gifted it to you on level 5 of the Lair of
                  | Beasts)
 22442 | Lair:5   | Received a gift from Okawaru
 22673 | Lair:5   | Found a one-way gate to the infinite horrors of the Abyss.
 22673 | Lair:5   | Noticed Bihe's ghost (journeyman HuBe)
 22728 | Lair:6   | Entered Level 6 of the Lair of Beasts
 22924 | Lair:6   | Reached skill level 16 in Fighting
 23125 | Lair:6   | Found a staircase to the Slime Pits.
 23897 | Lair:6   | Got Sanytz's Reference Book on Creative Enchantment
 24734 | D:11     | Reached XP level 15. HP: 146/146 MP: 19/19
 24866 | D:11     | Reached skill level 15 in Shields
 24879 | D:11     | Reached skill level 17 in Fighting
 25382 | D:12     | Found Cecwy's Book Emporium.
 25396 | D:12     | Noticed Rupert
 25404 | D:12     | Killed Rupert
 25404 | D:12     | Received a gift from Okawaru
 25851 | D:12     | Noticed Psyche
 25854 | D:12     | Killed Psyche
 26101 | D:12     | Found Afyikh's Neck Hole.
 26129 | D:12     | Bought a scarf of resistance for 448 gold pieces
 27225 | D:13     | Found a gate leading to a gauntlet.
 27234 | Gauntlet | Entered a Gauntlet
 27234 | Gauntlet | Found a transporter.
 27234 | Gauntlet | Found a transporter.
 27249 | Gauntlet | Found a transporter.
 27254 | Gauntlet | Found a transporter.
 27275 | Gauntlet | Found a transporter.
 27283 | Gauntlet | Found a transporter.
 27364 | Gauntlet | Found a transporter.
 27379 | Gauntlet | Found a transporter.
 27381 | Gauntlet | Found a large runed translucent door.
 27381 | Gauntlet | Found a large runed translucent door.
 27382 | Gauntlet | Found a large runed translucent door.
 27382 | Gauntlet | Found a large runed translucent door.
 27383 | Gauntlet | Found a large runed translucent door.
 27383 | Gauntlet | Found a runed translucent door.
 27383 | Gauntlet | Found a large runed translucent door.
 27383 | Gauntlet | Found a runed translucent door.
 27383 | Gauntlet | Found a large runed translucent door.
 27383 | Gauntlet | Found a large runed translucent door.
 27384 | Gauntlet | Found a large runed translucent door.
 27384 | Gauntlet | Found a large runed translucent door.
 27387 | Gauntlet | Found a large runed translucent door.
 27387 | Gauntlet | Found a large runed translucent door.
 27389 | Gauntlet | Found a large runed translucent door.
 27389 | Gauntlet | Found a large runed translucent door.
 27389 | Gauntlet | Found a large runed translucent door.
 27391 | Gauntlet | Found a runed translucent gate.
 27391 | Gauntlet | Found a runed translucent gate.
 27391 | Gauntlet | Found a runed translucent gate.
 27393 | Gauntlet | Found a transporter.
 27404 | Gauntlet | Found a large runed translucent door.
 27406 | Gauntlet | Found a transporter.
 27422 | Gauntlet | Found a transporter.
 27489 | Gauntlet | Found a transporter.
 27501 | Gauntlet | Found a transporter.
 27506 | Gauntlet | Found a transporter.
 27509 | Gauntlet | Found a transporter.
 27532 | Gauntlet | Found a transporter.
 27916 | Gauntlet | Identified the +2 pair of boots of Creativity {Rampage
                  | rPois Str-2 SInv}
 27917 | Gauntlet | Got the Handbook of Dislocation
 27919 | Gauntlet | Identified the +0 ring mail "Pitua" {rElec rPois Int+4}
 28231 | D:13     | Received a gift from Okawaru
 28593 | D:13     | Identified the +1 leather armour "Zousaako" {rPois}
 28857 | D:14     | Reached skill level 18 in Fighting
 29109 | D:14     | You fall into a shaft and drop 1 floor!
 29109 | D:15     | Entered Level 15 of the Dungeon
 29137 | D:15     | Found a staircase to the Depths.
 29286 | D:14     | Found a gate to the Vaults.
 29650 | D:15     | Identified the +5 scale mail of Amorality {rElec Int+2
                  | Slay+2}
 29705 | D:15     | Reached XP level 16. HP: 157/157 MP: 20/20
 29842 | D:15     | Found an opulent altar of Gozag.
 29846 | D:15     | Found Gozag's Platinum Reserve.
 30291 | D:15     | Found a portal to a secret trove of treasure.
 30819 | Swamp:1  | Entered Level 1 of the Swamp
 31924 | Swamp:2  | Received a gift from Okawaru
 31940 | Swamp:2  | Reached skill level 1 in Evocations
 32231 | Swamp:2  | Received a gift from Okawaru
 32397 | Swamp:2  | Noticed a tentacled monstrosity
 32399 | Swamp:2  | Noticed Aizul
 32414 | Swamp:2  | Killed a tentacled monstrosity
 32431 | Swamp:2  | Killed Aizul
 32694 | Swamp:3  | Received a gift from Okawaru
 32695 | Swamp:3  | Reached skill level 19 in Fighting
 33510 | Swamp:4  | Entered Level 4 of the Swamp
 34108 | Swamp:4  | Noticed a thorn hunter
 34116 | Swamp:4  | Killed a thorn hunter
 34167 | Swamp:4  | Received a gift from Okawaru
 34168 | Swamp:4  | Reached skill level 5 in Evocations
 34271 | Swamp:3  | Reached XP level 17. HP: 63/168 MP: 21/21
 34907 | Swamp:4  | Received a gift from Okawaru
 35482 | Swamp:4  | Got the Incunabulum of Reanimation Made Easy
 35752 | Spider:1 | Entered Level 1 of the Spider Nest
 36286 | Spider:1 | Acquired 1038 gold pieces
 36555 | Spider:1 | Identified the ring "Hydgha Orghoa" {rCorr Int+3 Dex+3}
 36824 | Spider:1 | Identified the -4 pair of boots of the Tormentor {Str+3}
 37156 | Spider:1 | Reached skill level 20 in Fighting
 38156 | Spider:2 | Found a transporter.
 38156 | Spider:2 | Noticed Ypolaimeny's ghost (journeyman HOWz)
 38245 | Spider:2 | Found a transporter.
 38988 | Spider:3 | Received a gift from Okawaru
 39306 | Spider:3 | Identified the +3 ring mail of Levity {Regen+} (Okawaru
                  | gifted it to you on level 3 of the Spider Nest)
 39306 | Spider:3 | Received a gift from Okawaru
 40524 | Spider:4 | Entered Level 4 of the Spider Nest
 40633 | Spider:4 | Found a frozen archway.
 40644 | IceCv    | Entered an ice cave
 40725 | IceCv    | Identified the +6 great sword "Imiu" {drain, rN+ Will+}
 40871 | IceCv    | Reached XP level 18. HP: 180/180 MP: 22/22
 41688 | IceCv    | Identified the +7 trident of Disarray {spect, Fly rPois}
 41699 | IceCv    | Got the Handbook of Terra Cotta
 42348 | Spider:4 | Noticed Arachne
 42372 | Spider:4 | Received a gift from Okawaru
 42379 | Arena    | Entered the Arena
 42393 | Arena    | Killed Arachne
 42527 | Spider:4 | Reached skill level 21 in Fighting
 42539 | Spider:4 | Reached skill level 1 in Polearms
 42993 | Spider:4 | Reached skill level 1 in Spellcasting
 43903 | Spider:4 | Got a gossamer rune of Zot
 44374 | Elf:1    | Entered Level 1 of the Elven Halls
 44374 | Elf:1    | Found Soudies's Magic Scroll Shop.
 44780 | Elf:1    | Found the +3 giant club "Skullcrusher" {speed, Str+7}
 44818 | Elf:1    | Identified the +2 pair of gloves of the Apple {Will+ Str-4
                  | Int+6}
 44985 | Elf:1    | Paralysed by an air elemental for 1 turns
 45146 | Elf:1    | Identified the +2 robe of the Komodo Dragon {-Cast Str+4
                  | Dex+6} (Okawaru gifted it to you on level 1 of the Elven
                  | Halls)
 45146 | Elf:1    | Received a gift from Okawaru
 45925 | Elf:2    | Paralysed by an air elemental for 1 turns
 45932 | Elf:2    | Paralysed by an air elemental for 1 turns
 46038 | Elf:2    | Paralysed by an air elemental for 1 turns
 46044 | Elf:2    | Reached skill level 5 in Polearms
 46044 | Elf:2    | Reached skill level 10 in Evocations
 46244 | Elf:2    | Paralysed by an air elemental for 1 turns
 46249 | Elf:2    | Paralysed by an air elemental for 1 turns
 46253 | Elf:2    | Paralysed by an air elemental for 1 turns
 46382 | Elf:2    | Found a runed translucent gate.
 46383 | Elf:2    | Found a runed translucent gate.
 46383 | Elf:2    | Found a runed translucent gate.
 46894 | Elf:2    | Reached XP level 19. HP: 189/189 MP: 23/23
 47095 | Elf:2    | Found Qysehovo's Jewellery Shop.
 48379 | Elf:3    | Entered Level 3 of the Elven Halls
 48763 | Elf:3    | Killed from afar by a deep elf sorcerer

Illustrated notes

Levels and vault maps discovered:
D:1:      ebering_trefoil_3fold, layout_loops_corners,
          shapermc_ecumenical_altar_acropolis, minmay_liquid_box
D:2:      layout_basic, minmay_fractal_squares_5
D:3:      layout_loops_cross, lemuel_doored_altar, uniq_grinder
D:4:      layout_basic, mainiacjoe_overflow_small_starburst,
          chequers_serial_rivers_small_3, kennysheep_generic_room_2,
          uniq_natasha
D:5:      layout_rooms, cheibrodos_sewer_entry_bend, minmay_starry_boxes
D:6:      gammafunk_wand_slinger, layout_loops_cross, temple_pool_b,
          chequers_decorated_corner
D:7:      layout_loops_ring, gammafunk_ghost_icy, uniq_pikel,
          uniq_crazy_yiuf_cottage
D:8:      layout_cave_pools, uniq_erica
D:9:      layout_roguey, david_lair_generic, minmay_misc_feat_roman,
          grunt_ogre_cave
D:10:     layout_layer_cave, minmay_orc_entry_temple_small, enter_bailey_3,
          glass_columns_a, uniq_harold, uniq_fannar, uniq_nergalle
D:11:     layout_cave_pools
D:12:     layout_stronghold, serial_shops, nicolae_take_the_stairs,
          minmay_misc_feat_iff, nicolae_shop_sticking_my_neck_out, uniq_psyche,
          uniq_rupert
D:13:     minmay_box_of_statues, layout_basic, gauntlet_entry_generic,
          grunt_decor_fettered
D:14:     layout_roguey, david_vaults_2
D:15:     grunt_enter_depths_giant_problem, layout_loops_ring, enter_trove_3,
          nicolae_gozag_zags_fifth_avenue
Temple:   regret_index_temple_chain_breaker
Lair:1:   layout_gridlike
Lair:2:   layout_loops_ring, swamp_mist_pool, nicolae_spider_entry_orb_guardian,
          nicolae_volcano_entry_batcave, serial_bayou_shore_a,
          uniq_prince_ribbit2
Lair:3:   layout_loops_ring, minivault_25, serial_bayou_lagoon_b,
          lemuel_fruit_fields, grunt_megastairs_4
Lair:4:   nzn_winding_woodlands_stair_trap [nzn_winding_woodlands_5x15_default,
          nzn_winding_woodlands_5x15_longhouse,
          nzn_winding_woodlands_5x15_default,
          nzn_winding_woodlands_15x15_boxy_spiral,
          nzn_winding_woodlands_5x15_crooked, nzn_winding_woodlands_5x15_zeroes,
          nzn_winding_woodlands_5x15_pool], layout_cellular_growth,
          ebering_ghost_funeral_grove, lemuel_fruit_tree
Lair:5:   layout_regular_city, gammafunk_ghost_abyssal_escape
Lair:6:   grunt_lair_end_beastmaster, layout_gridlike,
          nicolae_slime_entry_slimehenge
Swamp:1:  layout_basic_swamp, evilmike_swamp_ruin_house_5
Swamp:2:  layout_falls_marsh, nicolae_swamp_ascending_descending, swamp_pool1,
          nicolae_swamp_feature_on_the_river_bank, uniq_aizul
Swamp:3:  layout_basic_swamp, nicolae_swamp_tree_designs, swamp_pool2
Swamp:4:  swamp_fiery, layout_basic_swamp, swamp_pool1,
          nicolae_swamp_necromancy_gone_wrong, infiniplex_staircase_pool_2
Spider:1: nicolae_spider_hilbert_zone_4 [nicolae_spider_hilbert_4_sides_2_open,
          nicolae_spider_hilbert_4_sides_1_open,
          nicolae_spider_hilbert_4_sides_1_open,
          nicolae_spider_hilbert_4_sides_1_open,
          nicolae_spider_hilbert_4_sides_1_open,
          nicolae_spider_hilbert_2_sides_1_open,
          nicolae_spider_hilbert_2_sides_1_open,
          nicolae_spider_hilbert_2_sides_1_open,
          nicolae_spider_hilbert_2_sides_1_open,
          nicolae_spider_hilbert_6_sides_1_open,
          nicolae_spider_hilbert_6_sides_1_open,
          nicolae_spider_hilbert_3_sides_1_open,
          nicolae_spider_hilbert_3_sides_1_open],
          nicolae_spider_twisty_arc_passages
Spider:2: layout_chambers, gammafunk_ghost_arena,
          hangedman_spider_tarantella_strand
Spider:3: layout_spider_delve, nicolae_spider_circle_web,
          nicolae_spider_not_touching_you
Spider:4: johnstein_spider_rune_arachne_lair,
          portal_ice_cave_entry_ice_statue_one
Orc:1:    layout_diamond_mine, serial_shops, shop, nicolae_shop_stone,
          nooodl_orcs_dogs
Orc:2:    st_orc_ogre_mass, layout_caves, basic_altar,
          ebering_ghost_reflecting_pool, uniq_josephine
Elf:1:    layout_geoelf_grid, serial_shops, shop,
          hangedman_elven_crosses_minicolossus
Elf:2:    nicolae_elf_blades_crystal_corner, layout_gridlike, serial_shops,
          nicolae_shop_crystal, nicolae_elf_big_sculpture_2,
          nicolae_elf_big_sculpture_1, chequers_hall_statues_corner_a
Elf:3:    minmay_elf_hall_spiked, layout_loops_cross, serial_shops, statue_bzr

Skill      XL: |  1  2  3  4  5  6  7  8  9 10 11 12 13 14 15 16 17 18 19 |
---------------+----------------------------------------------------------+-----
Fighting       | 3 4 5 6 8 10 11 12 13 15 16 18 19 20 21 | 21.3
Armour         | 1 2 3 4 6 7 9 10 11 13 14 15 17 18 | 18.2
Slings         | 5 6 7 8 9 10 11 12 | 12.0
Shields        | 1 4 6 8 10 12 14 16 17 19 20 | 20.6
Invocations    | 3 5 7 |  7.0
Evocations     | 5 8 10 | 10.0
Polearms       | 5 7 |  7.7
Spellcasting   | 2 |  2.4
Dodging        | |  2.1
Stealth        | |  0.7

Action                   |  1- 3 |  4- 6 |  7- 9 | 10-12 | 13-15 | 16-18 | 19-21 || total
-------------------------+-------+-------+-------+-------+-------+-------+-------++-------
Melee: Hunting sling     |       |       |       |       |       |     1 |       ||     1
       Headbutt          |       |       |       |       |       |     1 |       ||     1
 Fire: Hunting sling     |    97 |    96 |   362 |   828 |  1401 |  1892 |   294 ||  4970
Throw: Throwing net      |       |       |       |     1 |       |       |       ||     1
Invok: Heroism           |       |       |       |     6 |     5 |    10 |     1 ||    22
       Finesse           |       |       |       |     1 |     1 |     6 |       ||     8
       Duel              |       |       |       |       |       |     1 |       ||     1
Evoke: Wand              |       |       |       |     1 |     4 |       |     1 ||     6
  Use: Scroll            |     4 |     4 |    13 |     3 |     9 |     8 |     1 ||    42
       Potion            |       |       |       |     5 |     1 |     3 |     2 ||    11
Armor: Ring mail         |    15 |       |    26 |    80 |       |       |       ||   121
       Scale mail        |     3 |     4 |       |       |       |       |       ||     7
       Chain mail        |       |     3 |    12 |       |       |       |       ||    15
       Plate armour      |       |       |       |    30 |   193 |   676 |    30 ||   929
Dodge: Dodged            |    12 |    11 |    34 |    91 |    87 |   261 |     7 ||   503
Block: Buckler           |       |       |    13 |     1 |       |       |       ||    14
       Kite shield       |       |       |       |   157 |   305 |       |       ||   462
       Reflection        |       |       |       |       |    26 |    49 |    24 ||    99
       Tower shield      |       |       |       |       |   160 |  1308 |   137 ||  1605

Table legend: (Time is in decaauts)
 A = Elapsed time spent in this place.
 B = Non-inter-level travel time spent in this place.
 C = Inter-level travel time spent in this place.
 D = Time resting spent in this place.
 E = Time spent auto-exploring this place.
 F = Levels seen in this place.
 G = Mean time per level.
                   A        B        C        D        E       F      G
               +--------+--------+--------+--------+--------+-----+--------+
         Total |  48931 |  46039 |   2892 |   7840 |  27979 |  41 | 1193.4 |
       Dungeon |  16956 |  15594 |   1362 |   2545 |   9623 |  15 | 1130.4 |
        Temple |     69 |     61 |      8 |      0 |     40 |   1 |   69.0 |
          Lair |   8402 |   7730 |    672 |   1385 |   4540 |   6 | 1400.3 |
         Swamp |   5230 |   5026 |    204 |    817 |   3287 |   4 | 1307.5 |
   Spider Nest |   6527 |   6316 |    211 |    797 |   4522 |   4 | 1631.8 |
  Orcish Mines |   3569 |   3270 |    299 |   1056 |   1393 |   2 | 1784.5 |
   Elven Halls |   4399 |   4265 |    134 |    487 |   2902 |   3 | 1466.3 |
         Sewer |    654 |    654 |      0 |      0 |    433 |   1 |  654.0 |
        Bailey |    488 |    488 |      0 |    280 |      0 |   1 |  488.0 |
      Ice Cave |   1599 |   1599 |      0 |    276 |    933 |   1 | 1599.0 |
       Volcano |    256 |    256 |      0 |     34 |     72 |   1 |  256.0 |
      Gauntlet |    736 |    736 |      0 |    130 |    232 |   1 |  736.0 |
         Arena |     40 |     40 |      0 |     31 |      0 |   1 |   40.0 |
               +--------+--------+--------+--------+--------+-----+--------+

Top non-repeatable levels by time:
   Elf:2: 2574 daAuts
     D:9: 2137 daAuts
   Orc:1: 2125 daAuts
Spider:2: 1971 daAuts
  Lair:2: 1815 daAuts
 Swamp:4: 1697 daAuts
  Lair:6: 1657 daAuts
Spider:4: 1601 daAuts
   IceCv: 1599 daAuts
Spider:3: 1598 daAuts
    D:10: 1592 daAuts
  Lair:4: 1542 daAuts
   Elf:1: 1447 daAuts
   Orc:2: 1444 daAuts
 Swamp:3: 1438 daAuts
